Cogmind - Beta 15 @@@ ROGUE MODE // 2025.08.30 @ 13:52:24 Player: ID-34L Result: Destroyed by G-47 Trooper with Particle Gun Performance ------------- Evolutions (0) 0 Regions Visited (1) 200 Robots Destroyed (21) 105 Value Destroyed (491) 491 Prototype IDs (2) 40 Alien Tech Used (0) 0 Bonus (0) 0 TOTAL SCORE: 836 Bonus ------- None Cogmind --------- Core Integrity 0/250 Matter 300/300 Energy 244/250 System Corruption 1% Temperature Cool (46) Movement Rolling (100) Location -10/Materials Parts ------- > --- POWER (1) -------- Ion Engine > --- PROPULSION (2) --- Compact Wheel Compact Wheel > --- UTILITY (2) ------ Small Storage Unit Backup Plating I > --- WEAPON (2) ------- Small Laser Small Laser > --- INVENTORY (8) ---- Ion Engine Light Ion Engine Light Nuclear Core Light Treads Aluminum Leg Backup Propulsion I Signal Interpreter Beam Cannon Peak State ------------ > --- POWER ------------ Ion Engine > --- PROPULSION ------- Compact Wheel Compact Wheel > --- UTILITY ---------- Small Storage Unit Backup Plating I > --- WEAPON ----------- Small Laser Small Laser > --- INVENTORY -------- Ion Engine Light Ion Engine Light Nuclear Core Light Treads Aluminum Leg Backup Propulsion I Signal Interpreter Beam Cannon [Rating: 8] Favorites ----------- Power Ion Engine Engine Ion Engine Propulsion Light Treads Treads Light Treads Wheel Compact Wheel Hover Unit Backup Propulsion I Utility Small Storage Unit Storage Small Storage Unit Protection Backup Plating I Weapon Light Assault Rifle Energy Gun Medium Laser Ballistic Gun Light Assault Rifle Build | -11 -10 ------- Run | Yrd Mat Slots Evolved . | . . Power . | . . Propulsion . | . . Utility . | . . Weapon . | . . Parts Attached 12 | 7 5 Power 3 | 2 1 Engine 3 | 2 1 Core . | . . Reactor . | . . Propulsion 4 | 2 2 Treads 2 | 2 . Leg . | . . Wheel 2 | . 2 Hover . | . . Flight . | . . Utility 1 | 1 . Device . | . . Storage 1 | 1 . Processor . | . . Hackware . | . . Protection . | . . Artifact . | . . Weapon 4 | 2 2 Energy Gun 3 | 1 2 Energy Cannon . | . . Ballistic Gun 1 | 1 . Ballistic Cannon . | . . Launcher . | . . Special Weapon . | . . Impact Weapon . | . . Slashing Weapon . | . . Piercing Weapon . | . . Special Melee Weapon . | . . Unidentified Prototypes . | . . Parts Lost 3 | . 3 Power 1 | . 1 Propulsion 1 | . 1 Utility . | . . Weapon 1 | . 1 Highest Loss Streak 1 | . 1 To Critical Strikes . | . . Average Backups 5 | 3 5 Power 1 | . 1 Propulsion 2 | 1 2 Utility . | . . Weapon 1 | . 1 Tool/Special . | . . Unused Backups 6 | . 6 Power 2 | . 2 Propulsion 1 | . 1 Utility 1 | . 1 Weapon 2 | . 2 Tool/Special . | . . Average Slot Usage (%) 85 | . 85 Engine 12 | . 12 Treads 21 | . 21 Wheel 5 | . 5 Storage 14 | . 14 Protection 3 | . 3 Energy Gun 18 | . 18 Ballistic Gun 9 | . 9 Peak Build Rating 8 | 6 8 Average Rating 6 | 4 6 On Entrance 3 | . 6 Naked Turns . | . . Heaviest Build 13 | 13 13 Greatest Support 40 | 40 40 Greatest Overweight (x) 2 | . 2 Average Overweight (x) . | . . Largest Inventory Capacity 8 | 8 8 Average Capacity 7 | 7 8 Most Carried 8 | 6 8 Average Carried 5 | 3 5 Final Capacity 8 | 8 8 Final Carried 8 | 4 8 Class Distribution -------------------- 100% | Mutant Dominant Class ---------------- Mutant | -10/Materials Resources | -11 -10 ----------- Run | Yrd Mat Matter Collected 340 | 182 158 Remotely . | . . Salvage Created 585 | . 585 Parts 39 | . 39 Haulers Intercepted . | . . Recyclers Shooed . | . . Parts Field Recycled . | . . Retrieved Matter . | . . Parts Self-Destructed . | . . Prevented . | . . Kills | -11 -10 ------- Run | Yrd Mat Combat Hostiles Destroyed 16 | . 16 Guns 16 | . 16 Classes Destroyed 5 | . 5 Worker 3 | . 3 Builder 1 | . 1 Watcher 1 | . 1 Swarmer 5 | . 5 Grunt 11 | . 11 Best Kill Streak 5 | . 5 Combat Bots Only 4 | . 4 Max Kills in Single Turn 4 | . 4 Gunslinging 1 | . 1 Exploded . | . . Melee . | . . Uniques/NPCs Destroyed . | . . Combat | -11 -10 -------- Run | Yrd Mat Hostile Shots Fired 111 | . 111 Missed 25 | . 25 Hits 86 | . 86 Projectile 86 | . 86 Damage Taken 900 | . 900 Core 265 | . 265 Absorbed by Shields . | . . Core Remaining (%) 100 | 100 . Volleys Fired 58 | . 58 Largest 2 | . 2 Hottest 80 | . 80 Shots Fired 106 | . 106 Gun 106 | . 106 Cannon . | . . Launcher . | . . Special . | . . Kinetic 29 | . 29 Thermal 77 | . 77 Explosive . | . . Electromagnetic . | . . Robot Hit Streak 7 | . 7 Robot Miss Streak 5 | . 5 Penetration Max . | . . Secondary Targets 1 | . 1 Max Gunslinging Chain 1 | . 1 Shots Hit Robots 63 | . 63 Core Hits 35 | . 35 Critical Kills . | . . Critical Parts Destroyed . | . . Critical Strikes 7 | . 7 Burn 7 | . 7 Melee Attacks . | . . Impact . | . . Slashing . | . . Piercing . | . . Sneak Attacks . | . . Combat Hostiles . | . . Follow-up Attacks . | . . Damage Inflicted 1067 | . 1067 Guns 688 | . 688 Cannons . | . . Explosions 379 | . 379 Melee . | . . Ramming . | . . Kinetic 127 | . 127 Thermal 907 | . 907 Explosive 33 | . 33 Electromagnetic . | . . Impact . | . . Slashing . | . . Piercing . | . . Highest Corruption 1 | . 1 Average Corruption 1 | . 1 Corruption Purged . | . . Corruption Blocked . | . . Effects 4 | . 4 Message Errors 1 | . 1 Heat Flow Errors 1 | . 1 Parts Rejected 1 | . 1 Misfires 1 | . 1 Overload Shots . | . . Overflow Damage 55 | . 55 Projectiles . | . . Explosions 55 | . 55 Melee . | . . Knockbacks . | . . Impact . | . . Kinetic . | . . Secondary . | . . Self-Inflicted Damage . | . . Shots . | . . Rammed 1 | . 1 Targets Rammed 1 | . 1 Kicked . | . . Crushed . | . . Highest Temperature 295 | . 295 Average Temperature 91 | . 91 Received Heat Transfer 384 | . 384 Effects 1 | . 1 Interference 1 | . 1 Siege Activations . | . . Martial Activations . | . . Shielding Activations . | . . Robots Disrupted . | . . Combat Hostiles . | . . Robots Corrupted . | . . Combat Hostiles . | . . Parts Fried . | . . Impact Corruptions . | . . Robots Melted . | . . Combat Hostiles . | . . Parts Melted 5 | . 5 Heat Transferred 2220 | . 2220 Parts Sabotaged . | . . Parts Stolen . | . . Parts Stripped . | . . Power Chain Reactions . | . . Alert | -11 -10 ------- Run | Yrd Mat Maximum Alert Level 1 | . 1 Low Security (%) 74 | 100 71 Level 1 25 | . 28 Level 2 . | . . Level 3 . | . . Level 4 . | . . Level 5 . | . . High Security . | . . Max Security . | . . Peak Influence 329 | . 329 Initial . | . . Average 109 | . 122 Influence Increases 588 | . 588 Destroy 0b10 Robot/C 320 | . 320 Destroy 0b10 Robot/NC 25 | . 25 Destroy Leader 62 | . 62 Successful Hack 16 | . 16 Disable Machine 45 | . 45 Destroy Structure 60 | . 60 Partial Spotted 15 | . 15 Lose Combat Pursuer 45 | . 45 Influence Decreases 278 | . 278 Time Decay 248 | . 248 Lost Part 30 | . 30 Squads Dispatched 4 | . 4 Investigation 3 | . 3 Extermination . | . . Reinforcement 1 | . 1 Assault . | . . Garrison . | . . Intercept . | . . Searches Triggered . | . . Construction Impeded . | . . Haulers Reinforced . | . . Active Scanning Responses . | . . Cargo Convoy Interrupts . | . . Stealth | -11 -10 --------- Run | Yrd Mat Distress Signals . | . . Communications Jammed . | . . Distress Signals . | . . Times Spotted 27 | . 27 Peak Tracking Total 5 | . 5 Tactical Retreats 2 | . 2 Traps | -11 -10 ------- Run | Yrd Mat Traps Triggered 1 | . 1 Indirectly . | . . Trap Hack Attempts . | . . Triggered . | . . Disarmed . | . . Reprogrammed . | . . Reused . | . . Traps Extracted . | . . Installed . | . . Triggered . | . . Machines | -11 -10 ---------- Run | Yrd Mat Machines Disabled 3 | . 3 Max in Single Turn 2 | . 2 Machines Repaired . | . . Machines Dismantled . | . . Machines Sabotaged . | . . Overloaded Fab Kills . | . . Hacking | -11 -10 --------- Run | Yrd Mat Machines Accessed 5 | . 5 Terminals 3 | . 3 Fabricators . | . . Repair Stations 1 | . 1 Recycling Units 1 | . 1 Scanalyzers . | . . Garrison Access . | . . Total Hacks 16 | . 16 Successful 5 | . 5 Failed 11 | . 11 Catastrophic 2 | . 2 Database Lockouts . | . . Manual . | . . Terminals 12 | . 12 Fabricators . | . . Repair Stations 3 | . 3 Recycling Units 1 | . 1 Scanalyzers . | . . Garrison Access . | . . Terminal Hacks 3 | . 3 Robot Analysis 1 | . 1 Prototype ID Bank 1 | . 1 Hauler Manifests 1 | . 1 Fabricator Hacks . | . . Repair Station Hacks 1 | . 1 Refit 1 | . 1 Recycling Unit Hacks 1 | . 1 Report Inventory 1 | . 1 Scanalyzer . | . . Garrison Access Hacks . | . . Unauthorized Hacks . | . . Terminals . | . . Fabricators . | . . Repair Stations . | . . Recycling Units . | . . Scanalyzers . | . . Garrison Access . | . . Data Cores Recovered . | . . Used . | . . Hacking Detections 4 | . 4 Full Trace Events 4 | . 4 Feedback Events 1 | . 1 Corruption 1 | . 1 Feedback Blocked . | . . Robot Schematics Acquired . | . . Robots Built . | . . Authchips . | . . Time . | . . Total Robot Build Rating . | . . Part Schematics Acquired . | . . Parts Built . | . . Authchips . | . . Time . | . . Total Part Build Rating . | . . Parts Repaired . | . . Time . | . . Parts Recycled . | . . Recycled Matter . | . . Retrieved Matter . | . . Retrieved Components . | . . Parts Scanalyzed . | . . Part Schematics Acquired . | . . Parts Damaged . | . . Bothacking | -11 -10 ------------ Run | Yrd Mat Used RIF Installer . | . . Robots Hacked . | . . Non-combat . | . . Combat . | . . Robot Hacks Applied . | . . Relay Couplers Released . | . . Fabnet Peak Effective % . | . . Robots Rewired . | . . Allies Hacked . | . . Hacks Repelled . | . . Allies | -11 -10 -------- Run | Yrd Mat Total Allies . | . . Largest Group . | . . Highest-Rated Group . | . . Highest-Rated Ally . | . . Total Orders . | . . Ally Attacks . | . . Total Damage . | . . Kills . | . . Allies Corrupted . | . . Allies Melted . | . . Intel | -11 -10 ------- Run | Yrd Mat Active Infowar (turns) . | . . Robot Analysis Total 1 | . 1 Derelict Logs Recovered . | . . Drone Launches . | . . Drone Recoveries . | . . Exploration | -11 -10 ------------- Run | Yrd Mat Turns Passed 950 | 95 855 Spaces Moved 403 | 51 352 Core 13 | 13 . Treads 251 | 38 213 Legs . | . . Wheels 131 | . 131 Hover 8 | . 8 Flight . | . . Fastest Speed 50 | 50 100 Average Speed 138 | 131 139 Slowest Speed 260 | 160 260 Overloaded Moves . | . . Propulsion Burnouts . | . . Robots Hopped . | . . Potential Cave-ins . | . . Cave-ins Triggered . | . . Exploration Rate (%) 26 | 5 48 Regions Visited 1 Branch Regions . Pre-discovered Areas . | . . Known Exits Taken . | . . Unknown Exits Taken 1 | 1 . Scrap Searched . | . . Spaces Dug . | . . Terrain Destroyed 66 | . 66 Melee . | . . Projectile . | . . AOE 66 | . 66 Terrain Rammed . | . . Walls Destroyed . | . . Machines Disabled . | . . Actions | -11 -10 --------- Run | Yrd Mat Total 694 | 78 616 Wait 202 | 11 191 Move 402 | 50 352 Hop . | . . Pick Up 18 | 10 8 Fast Attach . | . . Attach 9 | 6 3 Detach . | . . Swap 3 | 1 2 Drop 1 | . 1 Fire 58 | . 58 Melee . | . . Ram 1 | . 1 Kick . | . . Crush . | . . Escape Stasis . | . . Rewire . | . . Trap . | . . Miscellaneous . | . . Route ------- -11/Scrapyard -10/Materials (discovered 2 exits: [*Mat] / [*Sub]) History --------- Turn | Location | Event 9 | -11/Scrapyard | Discovered new exit (range 14) 96 | -11/Scrapyard | Entered Materials 306 | -10/Materials | Build established: Mutant 403 | -10/Materials | Discovered new exit (range 12) 698 | -10/Materials | Core integrity fell below 50% 738 | -10/Materials | Core integrity fell below 20% 797 | -10/Materials | Discovered new exit (range 7) 951 | -10/Materials | Destroyed by G-47 Trooper with Particle Gun Last Messages --------------- Ion Engine (68%) Sml. Laser (82%) Lgt. Ion Engine (97%) Sml. Laser (98%) Welding Torch (96%) Terrain Scan Processor (86%) 00907_ R-06 Scavenger collects Flight Unit. 00908_ R-06 Scavenger inserts Structural Scanner into recycling unit. 00909_ Recycling unit begins recycling process. 00910_ R-06 Scavenger collects Lgt. Ion Engine. 00911_ R-06 Scavenger inserts Sml. Laser into recycling unit. 00914_ R-06 Scavenger inserts Heat Sink into recycling unit. 00915_ Recycling unit begins recycling process. 00917_ R-06 Scavenger collects Flight Unit. 00917_ R-06 Scavenger inserts Heat Sink into recycling unit. 00943_ K-01 Serf collects debris. Map ----- +----------------------------------------------------+ | ???????????????????# """ # # """ # """ #??? | | ???????????????????# """ # # """ # #??? | | ???????????????????# """ + + """ # """ #??? | | ???????????????????# # # # """ #??? | | ???????????????????# # # # """ #??? | | ???????????????????######## ######## #??? | | ??????????????? ######## ##########+######## | | ?????????????? | | ?????????????? T % ! | | ?????????????? %= | | ???????????????########### ###+# ########### | | ?????????????????????????## ## #????#### | | ??????????????????????????# # #????# # | | ??????????????????????????# # ##????# | | ??????????????????????????# # #?????## # | | ??????????????????????????# # ! #?????### | | ??????????????????????????# ## <#???????# | | ??????????????????????????# # # ##???????# | | ?????????????????????????## ## ###????????# | | ?????????????????????????# #######?????###??# | | ?????????????????????????# #############"#### | | ?????????????????????????# | | ?????????????????????????# ??? | | ?????????????????????????# ?????? | | ????????????############### ############ % | | ????????????# @# # ## | | ????????????# """"" g + """ ## | | ????????????# """"" k# # """ ## | | ????????????# """"" % % # # """ ## | | ????????????# "Y" # # """ ## | | ????????????# """ # # """ ## | | ????????????############### # ![ %+ | | ??????????????????????????# # [ ## | | ?????????????????????????? ############ % | | ????????????????????????? #??????????#!! | | ????????????????????????? #??????????#!! % | | ????????????????????????### #??????????#! = | | ??????????????????????????# #??????????# | | ??????????????????????????# #??????????# | | ?????????????????????????? #??????????# | | ?????????????????????????? #??????????# | | ??????????????????????????? ???????????# | | ?????????????????????????????????????????# | | ?????????????????????????????????????????# " " | | ?????????????????????????????????????????# "R" | | ?????????????????????????????????????????# """ | | ?????????????????????????????????????????# | | ?????????????????????????????????????????# | | ?????????????????????????????????????????######### | | ???????????????????????????????????????????????# | +----------------------------------------------------+ Best States ------------- Heat Dissipation 25 Energy Generation 10 Energy Capacity 250 Matter Stores 300 Matter Capacity 300 Sight Range 16 Terrain Scan Density 10 Armor Coverage 80 Evasion (%) 50 Recoil Reduction 2 Item Schematics ----------------- None Robot Schematics ------------------ None Fabricated ------------ Nothing Repaired ---------- Nothing Alien Tech Used ----------------- None Achievements -------------- None Challenges ------------ None Game ------ Seed AntimatterGuidanceRouter Manual? 0 Play Time 00:11:25 Cumulative 3.4 hours Start 2025.08.30 @ 13:44:00 End 2025.08.30 @ 13:52:24 Sessions 1 Manual Loads 0 Difficulty Rogue Special Mode None Game No. 9 Rogue 9 Adventurer 0 Explorer 0 Win Type - Total 0 Types 0/0/0/0/0/0/0/0/0/0 Lore% 1 Gallery% 5 Achievement% 7 Wizard Run 0 Options --------- Layout 1 ASCII 0 Keyboard 1 Movement Numpad Keybinds 0 Fullscreen 0 Font 20/Terminus Map View 50x35 Zoom Use 0% Tactical HUD 1 Map Filters NONE Filters NONE Steam 1 RUN: 2901f936-fccf-4719-af58-b4e43895386c